 Dungeon Crawl Stone Soup version 0.28.0-53-g5a82cb258f (webtiles) character file.

Game seed: 239032934643845953

93 hawla the Chucker (level 4, -4/26 HPs)
             Began as a Deep Elf Hunter on June 6, 2022.
             Slain by an orc
             ... wielding a +0 club
              (5 damage)
             ... on level 3 of the Dungeon.
             The game lasted 00:05:55 (2659 turns).

hawla the Chucker (Deep Elf Hunter)                 Turns: 2659, Time: 00:05:56

Health: -4/26      AC:  3    Str:  9    XL:     4   Next: 36%
Magic:  0/6        EV: 12    Int: 18    God:
Gold:   94         SH:  0    Dex: 15    Spells: 3/3 levels left

rFire   + . .      SeeInvis .   j - +1 dagger (drain)
rCold   . . .      Faith    .   (no shield)
rNeg    . . .      Spirit   +   b - +0 leather armour
rPois   .          Reflect  .   (no helmet)
rElec   .          Harm     .   (no cloak)
rCorr   .          Rampage  .   (no gloves)
Will    .....                   (no boots)
Stlth   ++........              g - amulet of guardian spirit
HPRegen 0.08/turn               k - ring of protection from fire
MPRegen 0.10/turn               (no ring)

@: mighty
A: no striking features
a: no special abilities


You were on level 3 of the Dungeon.
You visited 1 branch of the dungeon, and saw 3 of its levels.

You collected 94 gold pieces.

Inventory:

Hand Weapons
 a - a +0 dagger of holy wrath
 j - a +1 dagger of draining (weapon)
Missiles
 c - 6 javelins (quivered)
 d - 2 throwing nets
Armour
 b - a +0 leather armour (worn)
Jewellery
 g - an amulet of guardian spirit (around neck)
 k - a ring of protection from fire (left hand)
Scrolls
 l - a scroll of teleportation {unknown}
Potions
 e - a potion of mutation {unknown}
 f - a potion of haste {unknown}
 h - a potion of might
 i - a potion of heal wounds {unknown}


   Skills:
 + Level 2.0 Fighting
 + Level 2.5 Short Blades
 + Level 4.4 Throwing
 + Level 3.0 Dodging
 + Level 1.6 Stealth


You had 3 spell levels left.
You didn't know any spells.
Your spell library contained the following spells:

 Spells                   Type           Power      Damage    Failure   Level
 Gell's Gravitas          Tloc           0%         N/A       67%         3
 Lesser Beckoning         Tloc           0%         N/A       67%         3
 Teleport Other           Tloc           0%         N/A       67%         3


Dungeon Overview and Level Annotations

Branches:
Dungeon (3/15)

Altars:
Makhleb

Shops:
D:1 ?


Message History

The quokka completely misses you.
You hit the quokka.
You kill the quokka!
No target in view!
HP restored.
Found 13 stones.
l - a scroll labelled XUSEXT YLARUU An orc priest comes into view.
It is wielding a +0 club.
An orc priest is nearby!
An orc priest is nearby!
An orc comes into view. It is wielding a +0 mace.
The orc shouts!
The orc priest shouts!
An orc comes into view. It is wielding a +0 hand axe.
An orc comes into view. It is wielding a +0 club. x2
The orc shouts! x3
You hit the orc priest but do no damage.
The orc priest barely misses you.
You closely miss the orc priest. The orc priest hits you with a +0 club.
The orc hits you with a +0 mace.
You closely miss the orc priest. The orc priest hits you with a +0 club.
The orc hits you with a +0 mace.
You barely miss the orc priest. The orc priest barely misses you.
The orc closely misses you.
A goblin comes into view. It is wielding a +0 dagger.
The goblin shouts!
You hit the orc priest. You drain the orc priest.
The orc priest is heavily wounded.
The orc priest barely misses you. The orc completely misses you.
You barely miss the orc priest.
The orc priest is heavily wounded.
The orc hits you with a +0 hand axe. The orc barely misses you.
The orc priest invokes the aid of Beogh against you.
Beogh smites you!
* * * LOW HITPOINT WARNING * * *
The orc hits you with a +0 mace.
* * * LOW HITPOINT WARNING * * *
It was a potion of might.
You feel very mighty all of a sudden. The orc barely misses you.
The orc hits you with a +0 club.
You die...

##..........## #
###...........# #####
#..†........#.# #....
#####.#...##.###.......##
#.....#.#.##... .....#.##
#...####..#.####....##.#.#.
.. #...##.###.....# #...
#.#.............# ##..
#.#.o@......###.#..#.#
......ooo...### #....<
.......o(...... .......#
................ .....#.
..#............. ....... .
#........g.... ....#..
#............. ....[..
#..#.......... . .... #...


You could see an orc priest (drained), 4 orcs and a goblin.

Vanquished Creatures
  Ijyb (D:3)
  2 adders (D:2)
  A dart slug (D:1)
  3 endoplasms (D:1)
  5 giant cockroaches (D:1)
  6 goblins
  3 hobgoblins (D:1)
  4 kobolds
  2 quokkas
  3 ball pythons
  8 bats
  2 frilled lizards (D:2)
  3 rats (D:1)
43 creatures vanquished.

Notes
Turn   | Place    | Note
-------+----------+-------------------------------------------
     0 | D:1      | hawla the Deep Elf Hunter began the quest for the Orb.
     0 | D:1      | Reached XP level 1. HP: 12/12 MP: 3/3
   305 | D:1      | Reached XP level 2. HP: 13/16 MP: 4/4
  1049 | D:1      | Reached skill level 1 in Short Blades
  1199 | D:1      | Reached XP level 3. HP: 14/21 MP: 2/5
  1510 | D:1      | Found Cubon's Magic Scroll Shop.
  1829 | D:2      | Found a burning altar of Makhleb.
  2170 | D:2      | Identified the +4 whip of Law {vorpal, rPois}
  2528 | D:3      | Noticed Ijyb
  2538 | D:3      | Killed Ijyb
  2539 | D:3      | Reached XP level 4. HP: 17/26 MP: 4/6
  2658 | D:3      | HP: 1/26 [orc/+0 mace (3)]
  2659 | D:3      | Slain by an orc

Illustrated notes

Levels and vault maps discovered:
D:1:      minmay_arrival_checkered_box, layout_loops_cross, serial_shops, shop,
          minmay_worlds_worst_comb
D:2:      layout_loops_ring, basic_altar
D:3:      layout_rooms, ebering_ecumenical_altar_sacrificial,
          chequers_serial_rivers_small_b, chequers_serial_rivers_room_a,
          uniq_natasha, uniq_ijyb, uniq_jessica

Skill      XL: |  1  2  3 |
---------------+----------+-----
Short Blades   | 1 2 |  2.5
Fighting       | 2 |  2.0
Dodging        | 3 |  3.0
Throwing       | |  4.4
Stealth        | |  1.6

Action                   |  1- 3 |  4- 6 || total
-------------------------+-------+-------++-------
Melee: Short sword       |   161 |       ||   161
       Punch             |     1 |       ||     1
       Dagger            |     7 |     8 ||    15
Throw: Javelin           |     1 |       ||     1
  Use: Scroll            |     4 |       ||     4
       Potion            |       |     1 ||     1
 Stab: Sleeping          |     7 |       ||     7
Armor: Leather armour    |    63 |       ||    63
Dodge: Dodged            |   145 |     8 ||   153
